 Dungeon Crawl Stone Soup version 0.31-a0-145-g046c7d2549 (webtiles) character file.

Game seed: 5555639470141123858

181 Irreverend the Shooter (level 5, 32/32 HPs)
             Began as a Kobold Hunter on June 7, 2023.
             Quit the game on level 3 of the Dungeon.
             The game lasted 00:02:54 (2477 turns).

Irreverend the Shooter (Kobold Hunter)              Turns: 2477, Time: 00:02:54

Health: 32/32      AC:  3    Str:  9    XL:     5   Next: 92%
Magic:  5/5        EV: 16    Int: 10    God:
Gold:   111        SH:  0    Dex: 20    Spells: 4/4 levels left

rFire   . . .        a - +0 shortbow
rCold   . . .        (shield currently unavailable)
rNeg    . . .        c - +0 leather armour
rPois   .            (no helmet)
rElec   .            (no cloak)
rCorr   .            (no gloves)
SInv    .            (no boots)
Will    .....        (no amulet)
Stlth   +++          (no ring)
HPRegen 0.25/turn    (no ring)
MPRegen 0.09/turn

%: no passive effects
@: no status effects
A: small, no large weapons, nightstalker 3
a: no special abilities


You were on level 3 of the Dungeon.
You visited 1 branch of the dungeon, and saw 3 of its levels.

You collected 111 gold pieces.

Inventory:

Hand Weapons
 a - a +0 shortbow (weapon)
Armour
 c - a +0 leather armour (worn)
Jewellery
 j - an amulet of reflection
Scrolls
 b - 2 scrolls of butterflies
 d - a scroll of enchant weapon {unknown}
 e - a scroll of amnesia {unknown}
 f - a scroll of poison {unknown}
 g - a scroll of identify {unknown}
 h - 2 scrolls of torment {unknown}


   Skills:
 + Level 3.5 Fighting
 * Level 7.3 Ranged Weapons
 + Level 4.0 Dodging
 - Level 1.3 Stealth


You had 4 spell levels left.
You didn't know any spells.
Your spell library contained the following spells:

 Spells                   Type           Power      Damage    Failure   Level
 Sting                    Tmut/Pois      0%         1d3       47%         1
 Poisonous Vapours        Pois/Air       0%         N/A       63%         2
 Olgreb's Toxic Radiance  Pois           0%         N/A       99%         4


Dungeon Overview and Level Annotations

Branches:
Dungeon (3/15)

Altars:

Annotations:
D:3 1 runed translucent door, Crazy Yiuf


Innate Abilities, Weirdness & Mutations

You are small and have problems with some larger weapons.
You are completely attuned to the shadows.


Message History

The quokka moves out of view.
A jelly comes into view.
A jelly is nearby!
You shoot an arrow. The arrow hits the jelly.
The jelly quivers.
The jelly is moderately wounded.
You shoot an arrow. The arrow hits the jelly.
The jelly is heavily wounded.
The jelly jiggles.
You shoot an arrow. The arrow completely misses the jelly.
You shoot an arrow. The arrow hits the jelly.
The jelly is heavily wounded.
The quokka completely misses you. The jelly completely misses you.
You shoot an arrow. The arrow hits the jelly!
You kill the jelly!
The quokka misses you.
Your Dodging skill increases to level 4!
You shoot an arrow. The arrow hits the quokka.
The quokka is severely wounded.
The quokka completely misses you. The quokka barely misses you.
You shoot an arrow. The arrow barely misses the quokka.
The quokka misses you.
You shoot an arrow. The arrow barely misses the quokka.
The quokka closely misses you. The quokka completely misses you.
You shoot an arrow. The arrow barely misses the quokka.
The quokka closely misses you.
You shoot an arrow.
The arrow hits the quokka but does no damage.
The quokka is severely wounded.
The quokka barely misses you.
You shoot an arrow.
The arrow hits the quokka but does no damage.
The quokka is severely wounded.
The quokka barely misses you. x2
You shoot an arrow. The arrow barely misses the quokka.
The quokka twitches its whiskers.
The quokka misses you.
You shoot an arrow. The arrow hits the quokka.
You kill the quokka!
Unknown command.
Are you sure you want to abandon this character and quit the game? (Confirm with "yes".)

########
###..@....
#.......≈≈
###.#......≈
#...........
##.#..≈......
##....≈≈.....
#......... ####
#.#.......
...#####.#......§≈


There were no monsters in sight!

Vanquished Creatures
  A jelly (D:3)
  An orc priest (D:2)
  2 sleepcaps
  A gnoll (D:1)
  A worm (D:3)
  A dart slug (D:1)
  6 orcs
  2 ball pythons
  4 endoplasms
  3 giant cockroaches
  A hobgoblin (D:2)
  6 kobolds
  5 quokkas
  3 bats
  3 frilled lizards
  5 goblins
  4 rats
49 creatures vanquished.

Notes
Turn   | Place    | Note
-------+----------+-------------------------------------------
     0 | D:1      | Irreverend the Kobold Hunter began the quest for the Orb.
     0 | D:1      | Reached XP level 1. HP: 12/12 MP: 1/1
   174 | D:1      | Reached XP level 2. HP: 18/18 MP: 2/2
   313 | D:1      | Reached XP level 3. HP: 22/22 MP: 3/3
   466 | D:1      | Reached skill level 6 in Ranged Weapons
  1625 | D:2      | Reached XP level 4. HP: 11/27 MP: 4/4
  2011 | D:2      | Reached XP level 5. HP: 4/32 MP: 5/5
  2158 | D:3      | Reached skill level 7 in Ranged Weapons
  2434 | D:3      | Found a runed translucent door.
  2437 | D:3      | Noticed Crazy Yiuf
  2477 | D:3      | Quit the game

Illustrated notes

Levels and vault maps discovered:
D:1:      ncdulo_wetmaze, layout_loops_ring
D:2:      layout_basic, serial_forest, infiniplex_forest_fountain,
          infiniplex_forest_end_1, infiniplex_forest_corner_2,
          infiniplex_forest_diagonal, infiniplex_forest_lined_room_2,
          infiniplex_forest_lined_room_3, infiniplex_forest_clump_long
D:3:      layout_basic, serial_rivers, chequers_serial_rivers_micro_d,
          chequers_serial_rivers_room_a, chequers_serial_rivers_micro_e,
          chequers_serial_rivers_small_3, chequers_serial_rivers_micro_e,
          kennysheep_decorative_pillar, hellmonk_no_cap, uniq_crazy_yiuf_cottage

Skill      XL: |  1  2  3  4  5 |
---------------+----------------+-----
Ranged Weapons | 6 7 |  7.3
Dodging        | 3 4 |  4.0
Fighting       | 3 |  3.5
Stealth        | |  1.3

Action                     |  1- 3 |  4- 6 || total
---------------------------+-------+-------++-------
   Fire: Shortbow          |    82 |    59 ||   141
    Use: Potion            |       |     3 ||     3
 Armour: Leather armour    |     2 |     4 ||     6
  Dodge: Dodged            |    29 |    41 ||    70

Table legend: (Time is in decaauts)
 A = Elapsed time spent in this place.
 B = Non-inter-level travel time spent in this place.
 C = Inter-level travel time spent in this place.
 D = Time resting spent in this place.
 E = Time spent auto-exploring this place.
 F = Levels seen in this place.
 G = Mean time per level.
                   A        B        C        D        E       F      G
               +--------+--------+--------+--------+--------+-----+--------+
         Total |   2489 |   2460 |     29 |    443 |   1717 |   3 |  829.7 |
       Dungeon |   2489 |   2460 |     29 |    443 |   1717 |   3 |  829.7 |
               +--------+--------+--------+--------+--------+-----+--------+

Top non-repeatable levels by time:
     D:2: 1210 daAuts
     D:1: 678 daAuts
     D:3: 600 daAuts
